 Dungeon Sprint DCSS version 0.17-a0-1663-gb806841 (webtiles) character file.

133 Kidiri the Covert (level 4, 0/21 HPs)
             Began as a Spriggan Enchanter on Aug 16, 2015.
             Slain by a brain worm (3 damage)
             ... in the Dungeon (Sprint II: "The Violet Keep of Menkaure").
             The game lasted 00:01:04 (61 turns).

Kidiri the Covert (Spriggan Enchanter)                Turns: 61, Time: 00:01:04

Health: 0/21       AC:  3    Str:  4      XL:     4   Next: 94%
Magic:  9/13       EV: 23    Int:  0 (16) God:
Gold:   0          SH:  0    Dex: 17      Spells: 1 memorised, 14 levels left

rFire  . . .     SeeInvis +     a - +1 dagger
rCold  . . .     Clarity  .     b - +1 robe
rNeg   . . .     SustAt   .     (shield restricted)
rPois  .         Gourm    .     (helmet restricted)
rElec  .         Spirit   .     (no cloak)
rCorr  .         Warding  .     (gloves unavailable)
rMut   .         NoTele   +     (boots unavailable)
MR     .....                    (no amulet)
Stlth  +++++.....               (no ring)
                                (no ring)

@: slowed, lost intelligence, quick, not resistant to hostile enchantments,
quite stealthy
A: unfitting armour, see invisible, herbivore 3, speed 3, slow metabolism 2
a: no special abilities


You were in the Dungeon.
You were not hungry.

You visited 1 branch

Inventory:

Hand weapons
 a - a +1 dagger (weapon)
Armour
 b - a +1 robe (worn)
Scrolls
 j - a scroll of blinking
Potions
 e - a potion of curing
 g - a potion of haste
 h - 2 potions of magic
 i - a potion of berserk rage
Books
 c - a book of Maledictions

   Spells                             Type                      Level
   a - Corona                         Hexes                        1
   b - Ensorcelled Hibernation        Hexes/Ice                    2
   c - Confuse                        Hexes                        3
   d - Tukima's Dance                 Hexes                        3
   e - Dazzling Spray                 Conjuration/Hexes            3
Comestibles
 d - a bread ration


   Skills:
 + Level 3.8 Short Blades
 * Level 7.6 Dodging
 * Level 8.8 Stealth
 * Level 6.4 Spellcasting
 + Level 5.5 Hexes


You had 14 spell levels left.
You knew the following spells:

 Your Spells              Type           Power        Failure   Level  Hunger
a - Corona                Hex            #......      4%          1    ##.....


Dungeon Overview and Level Annotations

Branches:
Dungeon (1/1)

Altars:


Innate Abilities, Weirdness & Mutations

You are tiny and cannot use many weapons and most armour.
You have supernaturally acute eyesight.
You are a herbivore.
You cover ground extremely quickly.
You need consume almost no food.


Message History

Your Spellcasting skill increases to level 6!
Your Hexes skill increases to level 5!
You have reached level 4!
You feel your intelligence returning. The brain worm completely misses you.
Unknown command.
You hit the brain worm.
The brain worm is lightly wounded.
The brain worm bites you.
* * * LOW HITPOINT WARNING * * *
The brain worm's bulging head throbs.
Something tries to feed on your intellect!
You barely miss the brain worm.
The brain worm is lightly wounded.
The brain worm's bulging head throbs.
Something tries to feed on your intellect!
You hit the brain worm.
The brain worm is moderately wounded.
The brain worm bites you.
You die...

## ## ##.
.## .B B. #
$#. ## ##w
#+###.#
#.w.##.##..#
#+.<@ww##
#.##.##.# #w
#+###.# #
#$# ##


a#a . . ## ## You could see 2 brain worms.

Vanquished Creatures
  2 brain worms (D)
2 creatures vanquished.

Notes
Turn   | Place    | Note
--------------------------------------------------------------
     0 | D        | Kidiri the Spriggan Enchanter began the quest for the Orb.
     0 | D        | Reached XP level 1. HP: 9/9 MP: 5/5
     1 | D        | Noticed a boulder beetle
     1 | D        | Noticed a boulder beetle
     8 | D        | Noticed a brain worm
     8 | D        | Noticed a brain worm
     8 | D        | Noticed a brain worm
     8 | D        | Noticed a brain worm
    11 | D        | Noticed a worker ant
    11 | D        | Noticed a worker ant
    39 | D        | Killed a brain worm
    39 | D        | Reached skill level 6 in Dodging
    39 | D        | Reached skill level 7 in Stealth
    39 | D        | Reached skill level 5 in Spellcasting
    39 | D        | Reached XP level 2. HP: 1/13 MP: 6/9
    39 | D        | Reached XP level 3. HP: 1/16 MP: 6/10
    52 | D        | Lost intelligence.
    58 | D        | Killed a brain worm
    58 | D        | Reached skill level 8 in Stealth
    58 | D        | Reached skill level 5 in Hexes
    58 | D        | Reached XP level 4. HP: 6/21 MP: 9/13
    61 | D        | Slain by a brain worm

Vault maps used:
D:        the_violet_keep_of_menkaure

Action                   |  1- 3 |  4- 6 || total
-------------------------+-------+-------++-------
Melee: Dagger            |    36 |     3 ||    39
  Use: Potion            |     1 |       ||     1
